 Dungeon Crawl Stone Soup version 0.30-a0-718-geaa24f58ff (webtiles) character file.

Game seed: 7285605416688047926

43 mopl the Magician (level 3, 0/24 HPs)
             Began as a Mummy Fire Elementalist on Jan 25, 2023.
             Slain by a worm (7 damage)
             ... on level 1 of the Dungeon.
             The game lasted 00:02:07 (1218 turns).

mopl the Magician (Mummy Fire Elementalist)         Turns: 1218, Time: 00:02:07

Health: 0/24       AC:  3    Str: 11    XL:     3   Next: 37%
Magic:  6/8        EV: 12    Int: 22    God:
Gold:   31         SH:  0    Dex: 12    Spells: 6/9 levels left

rFire   x . .      SeeInvis .    i - +1 dagger (vamp)
rCold   + . .      Faith    +    (no shield)
rNeg    + + +      Spirit   .    a - +0 robe
rPois   ∞          Reflect  .    (no helmet)
rElec   .          Harm     .    (no cloak)
rCorr   .          Rampage  .    e - +0 pair of gloves
Will    .....                    (no boots)
Stlth   ++                       (no amulet)
HPRegen 0.24/turn                j - +6 ring of intelligence
MPRegen 0.11/turn                (no ring)

@: no status effects
A: cold resistance 1, negative energy resistance 3, torment resistance 2, heat
vulnerability 1, in touch with death 1, no potions, faith
a: no special abilities


You were on level 1 of the Dungeon.
You visited 1 branch of the dungeon, and saw 2 of its levels.

You collected 31 gold pieces.

Inventory:

Hand Weapons
 i - a +1 vampiric dagger (weapon)
Missiles
 g - 2 boomerangs
Armour
 a - a +0 robe (worn)
 e - a +0 pair of gloves (worn)
Jewellery
 j - a +6 ring of intelligence (left hand)
Scrolls
 b - 2 scrolls of fear {unknown}
 c - a scroll of noise {unknown}
 d - 2 scrolls of identify {unknown}
 f - a scroll of enchant weapon {unknown}
 h - a scroll of vulnerability {unknown}


   Skills:
 - Level 1.5 Dodging
 - Level 1.5 Stealth
 + Level 3.5 Spellcasting
 + Level 1.6 Conjurations
 + Level 2.9 Fire Magic


You had 6 spell levels left.
You knew the following spells:

 Your Spells              Type           Power      Damage    Failure   Level
a - Foxfire               Conj/Fire      52%        2x1d6     4%          1
b - Scorch                Fire           32%        2d6       5%          2

Your spell library contained the following spells:

 Spells                   Type           Power      Damage    Failure   Level
 Inner Flame              Hex/Fire       10%        N/A       19%         3
 Kindle Blastsparks       Fire/Tloc/Air  16%        2d11      24%         3
 Flame Wave               Conj/Fire      13%        2d6       43%         4


Dungeon Overview and Level Annotations

Branches:
Dungeon (2/15)

Altars:

Shops:
D:1 *


Innate Abilities, Weirdness & Mutations

You are immune to poison.
Your flesh is cold resistant. (rC+)
You are immune to negative energy. (rN+++)
You are immune to unholy pain and torment.
You are vulnerable to heat. (rF-)
You are in touch with the powers of death.
You do not drink.
You have a special connection with the divine. (Faith)


Message History

There is a stone staircase leading down here.
You climb downwards.
Found a leather armour.
Found a stone staircase leading down.
There is a stone staircase leading up here.
There are monsters nearby!
Flames lash the worm.
The worm is moderately wounded.
The worm's fire resistance burns away.
The endoplasm quivers.
The giant cockroach barely misses you. The giant cockroach closely misses you.
The rat closely misses you.
You climb upwards.
There is a stone staircase leading down here.
Flames lash the giant cockroach.
You kill the giant cockroach!
The rat closely misses you.
Flames lash the rat.
You kill the rat!
You can't see any susceptible monsters within range! (Use Z to cast anyway.)
You start resting.
Magic restored.
You climb downwards.
The endoplasm freezes you.
You are frozen.
You resist. The worm bites you.
There is a stone staircase leading up here.
The worm is no longer more vulnerable to fire.
The endoplasm barely misses you.
You climb upwards.
There is a stone staircase leading down here.
Flames lash the worm.
The worm is moderately wounded.
The worm's fire resistance burns away.
The endoplasm freezes you.
You are frozen.
You resist. The worm bites you!
* * * LOW HITPOINT WARNING * * *
You are too injured to fight recklessly!
You are too injured to fight recklessly!
The endoplasm closely misses you. The worm bites you!
You die...

..#
#........####.........#.#
..#
#...........#..#.8.#..#.#
..#
#.......)##.....≈°≈.....#
..#
#........####....°○...###
#'### ##########
#..#...#..# ....#
#.........# ....#
#.........# ....#
##########..#...#..#
....#
#....@J>##...(.....#
....#
#.....w.##.........#
....#
#.......##....<....#
....#
#.......############
....# #..........###
....# #............#
....# #..........#.#
##### ######'#######
#############.#


You could see a worm (combustible) and an endoplasm.

Vanquished Creatures
  3 dart slugs (D:1)
  3 endoplasms (D:1)
  2 giant cockroaches (D:1)
  3 goblins (D:1)
  3 hobgoblins (D:1)
  2 jackals (D:1)
  A quokka (D:1)
  5 ball pythons (D:1)
  3 bats (D:1)
  2 frilled lizards (D:1)
  5 kobolds (D:1)
  4 rats (D:1)
36 creatures vanquished.

Vanquished Creatures (others)
  57 foxfires (D:1)
57 creatures vanquished.

Grand Total: 93 creatures vanquished

Notes
Turn   | Place    | Note
-------+----------+-------------------------------------------
     0 | D:1      | mopl the Mummy Fire Elementalist began the quest for the
                  | Orb.
     0 | D:1      | Reached XP level 1. HP: 13/13 MP: 4/4
    37 | D:1      | Reached skill level 1 in Conjurations
   108 | D:1      | Reached skill level 3 in Spellcasting
   180 | D:1      | Reached XP level 2. HP: 19/19 MP: 3/6
   192 | D:1      | Learned a level 2 spell: Scorch
   353 | D:1      | Found Tofoo's General Store.
   528 | D:1      | Found a faded altar of an unknown god.
   554 | D:1      | Gained mutation: You are in touch with the powers of death.
                  | [Mummy growth]
   554 | D:1      | Reached XP level 3. HP: 24/24 MP: 4/7
  1218 | D:1      | Slain by a worm

Illustrated notes

Levels and vault maps discovered:
D:1:      shiori_arrival_oz, layout_basic, dreamdust_ecumenical_altar_grove,
          serial_shops, nicolae_diamond_shop, minmay_indecisive_spiral
D:2:      layout_loops_ring

Skill      XL: |  1 |
---------------+----+-----
Conjurations   | 1 |  1.6
Spellcasting   | 3 |  3.5
Dodging        | |  1.5
Stealth        | |  1.5
Fire Magic     | |  2.9

Action                     || total
---------------------------++-------
  Melee: Unarmed           ||    43
   Cast: Foxfire           ||    33
         Scorch            ||    10
 Armour: Robe              ||    20
  Dodge: Dodged            ||    40

Table legend: (Time is in decaauts)
 A = Elapsed time spent in this place.
 B = Non-inter-level travel time spent in this place.
 C = Inter-level travel time spent in this place.
 D = Time resting spent in this place.
 E = Time spent auto-exploring this place.
 F = Levels seen in this place.
 G = Mean time per level.
                   A        B        C        D        E       F      G
               +--------+--------+--------+--------+--------+-----+--------+
         Total |   1218 |   1194 |     24 |    173 |    781 |   2 |  609.0 |
       Dungeon |   1218 |   1194 |     24 |    173 |    781 |   2 |  609.0 |
               +--------+--------+--------+--------+--------+-----+--------+

Top non-repeatable levels by time:
     D:1: 1213 daAuts
     D:2: 5 daAuts
